 Dungeon Crawl Stone Soup version 0.31-a0-1616-gbeaec30 (webtiles) character file.

Game seed: 14793304768819123102

1501 PidgeyThePirate the Cutter (level 8, -7/90 HPs)
             Began as a Demonspawn Gladiator on Jan 10, 2024.
             Was an Initiate of Wu Jian.
             Mangled by Duvessa
             ... wielding a +0 short sword
              (8 damage)
             ... on level 6 of the Dungeon.
             The game lasted 00:12:19 (6459 turns).

PidgeyThePirate the Cutter (Demonspawn Gladiator)   Turns: 6459, Time: 00:12:19

Health: -7/90      AC: 28    Str: 16      XL:     8   Next: 52%
Magic:  8/8        EV:  2    Int:  5 (8)  God:    Wu Jian [......]
Gold:   354        SH:  0    Dex: 16      Spells: 7/7 levels left

rFire   . . .        a - +0 rapier
rCold   . . .        (no shield)
rNeg    . . .        b - melded +0 leather armour
rPois   +            p - melded +0 helmet
rElec   .            (cloak currently unavailable)
rCorr   .            (gloves unavailable)
SInv    .            (boots currently unavailable)
Will    .....        (no amulet)
Stlth   +++          s - ring "Oraotomu" {AC+4 Stlth+}
HPRegen 0.35/turn    (no ring)
MPRegen 0.11/turn

%: no passive effects
@: tree-form, hasted, very quick
A: stationary, stasis, torment immunity, boosted hp, (sharp scales 1), demonic
magic 2, (demonic touch 3), deterioration 1, sense surroundings 1
a: Renounce Religion


You were on level 6 of the Dungeon.
You worshipped Wu Jian.
Wu Jian was noncommittal.
You were a tree.
You visited 2 branches of the dungeon, and saw 7 of its levels.
You also visited: Ossuary.

You collected 354 gold pieces.

Inventory:

Hand Weapons
 a - a +0 rapier (weapon)
Missiles
 d - 4 throwing nets (quivered)
 e - a javelin
Armour
 b - a +0 leather armour (melded)
 c - a +0 helmet
 p - a +0 helmet (melded)
Jewellery
 l - a ring of ice
 s - the ring "Oraotomu" (left branch) {AC+4 Stlth+}
   (You found it on level 3 of the Dungeon)

   [ring of protection]

   AC+4:      It affects your AC (+4).
   Stlth+:    It makes you more stealthy.
Wands
 k - a wand of paralysis (10)
 m - a wand of roots (14)
 w - a wand of flame (9)
 A - a wand of polymorph (12)
Scrolls
 f - a scroll of amnesia
 g - 3 scrolls of revelation
 h - a scroll of vulnerability
 j - a scroll of immolation
 n - a scroll of butterflies {unknown}
 o - a scroll of poison {unknown}
 q - 4 scrolls of teleportation
 t - a scroll of fog {unknown}
 u - a scroll of noise {unknown}
 y - 2 scrolls of enchant armour {unknown}
 C - a scroll of blinking {unknown}
Potions
 i - a potion of brilliance {unknown}
 B - a potion of enlightenment {unknown}


   Skills:
 + Level 3.9 Fighting
 * Level 7.4 Short Blades
 + Level 1.8 Throwing
 + Level 3.1 Armour
 + Level 4.8 Dodging
 + Level 3.0 Stealth


You had 7 spell levels left.
You didn't know any spells.
Your spell library contained the following spells:

 Spells                   Type           Power      Damage    Failure   Level
 Apportation              Tloc           0%         N/A       47%         1
 Freeze                   Ice            0%         1d3       47%         1
 Sandblast                Erth           0%         2d4       47%         1
 Call Imp                 Summ           0%         N/A       63%         2
 Sublimation of Blood     Necr           0%         N/A       63%         2
 Dazzling Flash           Conj/Hex       0%         N/A       85%         3
 Frozen Ramparts          Ice            0%         1d1       85%         3
 Hailstorm                Conj/Ice       0%         3d5       85%         3
 Passwall                 Erth           0%         N/A       85%         3
 Stone Arrow              Conj/Erth      0%         3d7       85%         3
 Volatile Blastmotes      Fire/Tloc      0%         2d10      85%         3
 Brom's Barrelling Bould  Conj/Erth      0%         2d3       99%         4
 Iskenderun's Mystic Bla  Conj/Tloc      0%         2d3       99%         4
 Summon Forest            Summ/Tloc      0%         N/A       100%        5
 Starburst                Conj/Fire      0%         6d3       100%        6
 Summon Hydra             Summ           0%         N/A       100%        7
 Maxwell's Capacitive Co  Air            0%         ∞         100%        8


Dungeon Overview and Level Annotations

Branches:
Dungeon (6/15)             Temple (1/1) D:5         Ossuary (visited)

Altars:
Ashenzari
Cheibriados
Dithmenos
Fedhas
Gozag
Hepliaklqana
Kikubaaqudgha
Makhleb
Nemelex Xobeh
Okawaru
Qazlal
Ru
Sif Muna
Trog
Uskayaw
Vehumet
Wu Jian
Xom
Yredelemnul

Annotations:
D:5 3 runed translucent doors, Dega's ghost, novice VSFi
D:6 Duvessa


Innate Abilities, Weirdness & Mutations

You are a tree.
Your roots penetrate the ground, keeping you stationary.
You cannot be teleported.
You are immune to unholy pain and torment.
Your maximum health is greatly increased.
Your equipment is partially melded.
((You are partially covered in razor-sharp scales. (AC +1, Slay +1)))
Spells you cast may paralyse nearby enemies.
((Your touch may irresistibly damage your foes and sap their willpower.))
Your body sometimes deteriorates upon taking damage.
You passively map a small area around you.


Message History

You hit Duvessa.
Duvessa is almost dead.
Duvessa hits you but does no damage.
You barely miss Duvessa.
Duvessa is almost dead.
Duvessa hits you with a +0 short sword!
* * * LOW HITPOINT WARNING * * *
Your body deteriorates!
You feel dopey.
You barely miss Duvessa.
Duvessa is almost dead.
Duvessa hits you but does no damage.
You feel better. Duvessa hits you with a +0 short sword.
* * * LOW HITPOINT WARNING * * *
You hit Duvessa but do no damage.
Duvessa is almost dead.
Duvessa hits you but does no damage.
You hit Duvessa.
Duvessa is almost dead.
Duvessa hits you but does no damage.
You hit Duvessa but do no damage.
Duvessa is almost dead.
You hit Duvessa but do no damage.
Duvessa is almost dead.
Duvessa hits you but does no damage.
You closely miss Duvessa.
Duvessa is almost dead.
Duvessa hits you with a +0 short sword!
* * * LOW HITPOINT WARNING * * *
You barely miss Duvessa.
Duvessa is almost dead.
Duvessa hits you but does no damage.
You barely miss Duvessa. You punch Duvessa, but do no damage.
Duvessa is almost dead.
Duvessa hits you with a +0 short sword!
* * * LOW HITPOINT WARNING * * *
Your body deteriorates!
You feel dopey.
You hit Duvessa but do no damage.
Duvessa is almost dead.
Duvessa hits you with a +0 short sword!
You die...

, , #.# #.# #.# #.#
#.# #.# #.# #.# #.#
#.######## #.#
#.#.......
#####.#####.#.######
#.e♣........#)# #
#.###.#####.#)# #
#.# #.# #.#.# #e#
#.# #...###### #.#
#.# #......... #.#
#.#* #..####### #.#
#.. #..# #.# ##.
#..# #.# . #..#


You could see Duvessa (berserk).

Vanquished Creatures
  A black bear (D:5)
  An ice beast (D:4)
  2 elf zombies (Ossuary)
  2 scorpions (D:5)
  A burial acolyte (Ossuary)
  Dowan (D:6)
  A vampire bat (D:5)
  2 spectral scorpions (Ossuary)
  3 centaur zombies (Ossuary)
  2 orc priests (D:5)
  A bombardier beetle (D:6)
  2 hounds
  2 human zombies (Ossuary)
  A sleepcap (D:5)
  Jessica (D:2)
  Natasha (thrice) (D:3)
  2 iguanas
  2 orc wizards
  2 hound zombies (Ossuary)
  3 mummies (Ossuary)
  4 gnolls (D:4)
  4 adders
  A shadow imp (D:5)
  2 adder zombies (Ossuary)
  A dart slug (D:1)
  3 fire bats (D:5)
  A ribbon worm (D:4)
  11 orcs
  2 spectral bats (D:5)
  8 ball pythons
  12 bats
  A bat simulacrum (D:5)
  3 bat skeletons (D:5)
  A bat zombie (D:5)
  11 endoplasms
  A giant cockroach (D:4)
  6 goblins
  7 hobgoblins
  6 jackals
  2 kobolds
  3 quokkas
  6 ball python zombies (Ossuary)
  3 frilled lizards
  3 jackal zombies (Ossuary)
  6 kobold zombies (Ossuary)
  2 orc zombies (Ossuary)
  8 rats
153 creatures vanquished.

Notes
Turn   | Place    | Note
-------+----------+-------------------------------------------
     0 | D:1      | PidgeyThePirate the Demonspawn Gladiator began the quest
                  | for the Orb.
     0 | D:1      | Reached XP level 1. HP: 16/16 MP: 1/1
    61 | D:1      | Gained mutation: Your touch may inflict minor irresistible
                  | damage on your foes. [demonic ancestry]
    61 | D:1      | Reached XP level 2. HP: 6/22 MP: 2/2
   290 | D:1      | Reached skill level 3 in Short Blades
   432 | D:1      | Gained mutation: Spells you cast may paralyse adjacent
                  | enemies. [demonic ancestry]
   432 | D:1      | Reached XP level 3. HP: 28/28 MP: 3/3
   517 | D:1      | You fall into a shaft and drop 1 floor!
  1488 | D:2      | Reached skill level 1 in Armour
  1549 | D:2      | Noticed Jessica
  1554 | D:2      | Killed Jessica
  1555 | D:2      | Reached XP level 4. HP: 34/34 MP: 4/4
  1934 | D:3      | Identified the ring "Oraotomu" {AC+4 Stlth+}
  2159 | D:3      | Gained mutation: Your touch may inflict irresistible damage
                  | on your foes. [demonic ancestry]
  2159 | D:3      | Reached XP level 5. HP: 39/39 MP: 5/5
  2167 | D:3      | Noticed Natasha
  2178 | D:3      | Killed Natasha
  2179 | D:3      | Reached skill level 4 in Short Blades
  2396 | D:3      | Got the Volume of Dimensional Geomancy
  2462 | D:3      | Noticed Natasha
  2472 | D:3      | Killed Natasha
  2723 | D:3      | Noticed Natasha
  2732 | D:3      | Killed Natasha
  2885 | D:4      | Gained mutation: You have a pair of small antennae on your
                  | head. [potion of mutation]
  2885 | D:4      | Gained mutation: You are somewhat resistant to further
                  | mutation. [potion of mutation]
  2887 | D:4      | HP: 2/40 [gnoll/+0 halberd (3)]
  2896 | D:4      | Gained mutation: You are partially covered in razor-sharp
                  | scales. (AC +1, Slay +1) [demonic ancestry]
  2896 | D:4      | Reached XP level 6. HP: 19/46 MP: 6/6
  2896 | D:4      | Lost mutation: You are somewhat resistant to further
                  | mutation. [potion of mutation]
  2896 | D:4      | Lost mutation: You have a pair of small antennae on your
                  | head. [potion of mutation]
  2896 | D:4      | Gained mutation: You are frail. (-10% HP) [potion of
                  | mutation]
  3045 | D:4      | Lost mutation: You are frail. (-10% HP) [potion of
                  | mutation]
  3045 | D:4      | Gained mutation: Your body sometimes deteriorates upon
                  | taking damage. [potion of mutation]
  3045 | D:4      | Gained mutation: You passively map a small area around you.
                  | [potion of mutation]
  3136 | D:4      | Reached skill level 1 in Stealth
  3255 | D:4      | Noticed an ice beast
  3265 | D:4      | Killed an ice beast
  3411 | D:4      | Found a bloodstained altar of Trog.
  3890 | D:5      | Entered Level 5 of the Dungeon
  3978 | D:5      | Found a staircase to the Ecumenical Temple.
  3986 | D:5      | Found a sand-covered staircase.
  3991 | Ossuary  | Entered an ossuary
  4049 | Ossuary  | Reached skill level 5 in Short Blades
  4081 | Ossuary  | Gained mutation: Your touch may irresistibly damage your
                  | foes and sap their willpower. [demonic ancestry]
  4081 | Ossuary  | Reached XP level 7. HP: 18/52 MP: 7/7
  4516 | Ossuary  | Reached skill level 6 in Short Blades
  4967 | D:5      | Gained mutation: Spells you cast may paralyse nearby
                  | enemies. [demonic ancestry]
  4967 | D:5      | Reached XP level 8. HP: 58/58 MP: 8/8
  5212 | D:5      | Found a runed translucent gate.
  5212 | D:5      | Found a runed translucent gate.
  5214 | D:5      | Found a runed translucent gate.
  5217 | D:5      | Noticed Dega's ghost (novice VSFi)
  5348 | D:5      | Reached skill level 7 in Short Blades
  6093 | Temple   | Entered the Ecumenical Temple
  6103 | Temple   | Became a worshipper of the Wu Jian Council
  6393 | D:6      | Noticed Dowan
  6394 | D:6      | Noticed Duvessa
  6410 | D:6      | Killed Dowan
  6458 | D:6      | HP: 1/90 [Duvessa/+0 short sword (13)]
  6459 | D:6      | Mangled by Duvessa

Illustrated notes

Levels and vault maps discovered:
D:1:      nzn_arrival_settlement, layout_basic
D:2:      layout_loops_ring, uniq_jessica
D:3:      layout_loops_corners, minmay_misc_feat_columns, serial_bayou_crossing,
          uniq_natasha
D:4:      layout_basic, lemuel_doored_altar, minmay_misc_feat_tower,
          kennysheep_boxes
D:5:      layout_layer_cave, minmay_temple_entry_grid,
          gammafunk_ghost_necromancy, enter_ossuary_5, goddamned_bats
D:6:      layout_loops_ring, st_stairs_8, uniq_duvessa
Temple:   compressed_dpeg_triangle_lava_temple

Skill      XL: |  1  2  3  4  5  6  7  8 |
---------------+-------------------------+-----
Dodging        | 3 4 |  4.8
Short Blades   | 3 4 5 6 7 |  7.4
Armour         | 1 2 3 |  3.1
Stealth        | 1 2 3 |  3.0
Fighting       | 3 |  3.9
Throwing       | |  1.8

Action                     |  1- 3 |  4- 6 |  7- 9 || total
---------------------------+-------+-------+-------++-------
  Melee: Rapier            |   117 |   162 |   236 ||   515
         Touch             |    17 |    33 |    44 ||    94
         Punch             |     2 |     2 |     8 ||    12
Ability: Lunge             |       |       |     2 ||     2
    Use: Potion            |       |     6 |     6 ||    12
         Scroll            |       |       |     5 ||     5
   Stab: Sleeping          |       |     5 |     9 ||    14
         Distracted        |       |       |     1 ||     1
 Armour: Leather armour    |    91 |    92 |   146 ||   329
         Skin              |       |       |    34 ||    34
  Dodge: Dodged            |    80 |   152 |   176 ||   408

Table legend: (Time is in decaauts)
 A = Elapsed time spent in this place.
 B = Non-inter-level travel time spent in this place.
 C = Inter-level travel time spent in this place.
 D = Time resting spent in this place.
 E = Time spent auto-exploring this place.
 F = Levels seen in this place.
 G = Mean time per level.
                   A        B        C        D        E       F      G
               +--------+--------+--------+--------+--------+-----+--------+
         Total |   6440 |   6235 |    205 |      0 |   4884 |   8 |  805.0 |
       Dungeon |   5827 |   5640 |    187 |      0 |   4544 |   6 |  971.2 |
        Temple |     20 |      2 |     18 |      0 |      0 |   1 |   20.0 |
       Ossuary |    591 |    591 |      0 |      0 |    340 |   1 |  591.0 |
               +--------+--------+--------+--------+--------+-----+--------+

Top non-repeatable levels by time:
     D:5: 1599 daAuts
     D:4: 1144 daAuts
     D:3: 1106 daAuts
     D:1: 937 daAuts
     D:2: 726 daAuts
 Ossuary: 591 daAuts
     D:6: 313 daAuts
  Temple: 20 daAuts
